[ AOE2 MATCH · #508128840 ]
UnrankedIncas vs Berbers
Player's team · LOSS
Rival team · WIN
[ REPLAY ANALYSIS · EXTRACTED FROM THE RECORDED GAME ]
Feudal
11:20
Castle
25:03
Imperial
42:54
| APM avg | 41.7 |
| APM peak | 102 |
| eAPM avg | 25.1 |
| Villagers / military | 130 / 129 |
Focus
⚔️ 48.4% · 🌾 51.6%
Spearman ×53 · Archer ×28 · Skirmisher ×26 · Kamayuk ×16 · Unknown (2550) ×6 · Monk ×3
Feudal
8:58
Castle
22:06
Imperial
38:16
| APM avg | 36.8 |
| APM peak | 66 |
| eAPM avg | 19.1 |
| Villagers / military | 116 / 139 |
Focus
⚔️ 32.6% · 🌾 67.4%
Knight ×72 · Camel Archer ×31 · Hand Cannoneer ×15 · Militia ×6 · Scorpion ×6 · Trebuchet (Packed) ×4
Match map
Initial resources + every placement click. Lines = walls · curves = elevation contours. ◆ gold · ⬟ stone · ● berries · ✦ relic · ◌ wall gap
Your base· Open — unwalled flank
Éowyn's base· ✓ Closed at 22:06 · 49t walls · 1 gate(s)
Smoothed initial terrain · ◌ = detected wall gap · hover for details
Inputs per minute
— [Kpell] AdrianLeverkuhn - - Éowyn
Build order — [Kpell] AdrianLeverkuhn
First 150 of 410 actions detected
| 0:01 | Queue | Villager (Male) |
| 0:01 | Queue | Villager (Male) |
| 0:14 | Build | House |
| 0:25 | Research | Loom |
| 0:25 | Queue | Villager (Male) |
| 0:50 | Queue | Villager (Male) |
| 0:50 | Queue | Villager (Male) |
| 1:12 | Build | Barracks |
| 1:47 | Queue | Villager (Male) |
| 1:47 | Queue | Villager (Male) |
| 1:47 | Queue | Villager (Male) |
| 1:47 | Queue | Villager (Male) |
| 2:05 | Queue | Villager (Male) |
| 2:05 | Queue | Villager (Male) |
| 2:05 | Queue | Villager (Male) |
| 2:05 | Queue | Villager (Male) |
| 2:05 | Queue | Villager (Male) |
| 2:16 | Queue | Unit 2550 |
| 2:32 | Queue | Unit 2550 |
| 2:41 | Queue | Villager (Male) |
| 3:00 | Queue | Unit 2550 |
| 3:13 | Queue | Villager (Male) |
| 3:13 | Queue | Villager (Male) |
| 3:13 | Queue | Villager (Male) |
| 3:13 | Queue | Villager (Male) |
| 3:13 | Queue | Villager (Male) |
| 3:50 | Queue | Villager (Male) |
| 3:50 | Queue | Villager (Male) |
| 3:50 | Queue | Villager (Male) |
| 4:03 | Build | House |
| 4:11 | Queue | Villager (Male) |
| 4:26 | Queue | Villager (Male) |
| 4:54 | Queue | Villager (Male) |
| 5:30 | Queue | Villager (Male) |
| 5:33 | Queue | Villager (Male) |
| 6:01 | Build | Settlement |
| 6:04 | Queue | Villager (Male) |
| 7:15 | Queue | Villager (Male) |
| 7:16 | Queue | Villager (Male) |
| 7:54 | Queue | Villager (Male) |
| 8:38 | Build | Settlement |
| 8:40 | Queue | Villager (Male) |
| 9:10 | Research | Feudal Age |
| 9:53 | Build | Settlement |
| 10:00 | Build | Palisade Wall |
| 10:16 | Build | Palisade Wall |
| 10:20 | Build | Palisade Wall |
| 10:26 | Build | Palisade Wall |
| 10:46 | Build | Palisade Gate |
| 10:48 | Build | Palisade Wall |
| 11:20 | Age | Feudal Age |
| 11:22 | Queue | Villager (Male) |
| 11:23 | Queue | Villager (Male) |
| 11:50 | Build | Market |
| 11:55 | Queue | Unit 2550 |
| 11:58 | Queue | Villager (Male) |
| 12:01 | Build | Farm |
| 12:16 | Queue | Spearman |
| 12:21 | Build | Palisade Gate |
| 12:40 | Queue | Villager (Male) |
| 12:41 | Queue | Villager (Male) |
| 13:07 | Queue | Villager (Male) |
| 13:11 | Build | Settlement |
| 13:18 | Queue | Spearman |
| 13:25 | Queue | Unit 2550 |
| 13:33 | Build | Farm |
| 13:38 | Build | Farm |
| 13:41 | Queue | Unit 2550 |
| 13:52 | Build | Farm |
| 13:58 | Research | Tech 1402 |
| 14:14 | Queue | Villager (Male) |
| 14:15 | Queue | Villager (Male) |
| 14:18 | Queue | Villager (Male) |
| 14:29 | Queue | Spearman |
| 14:49 | Build | Palisade Gate |
| 15:02 | Build | Archery Range |
| 15:28 | Queue | Villager (Male) |
| 15:43 | Queue | Villager (Male) |
| 15:46 | Queue | Archer |
| 15:51 | Queue | Villager (Male) |
| 15:52 | Queue | Villager (Male) |
| 16:12 | Research | Double-Bit Axe |
| 16:14 | Queue | Archer |
| 16:19 | Queue | Villager (Male) |
| 16:23 | Build | Farm |
| 16:24 | Queue | Villager (Male) |
| 16:41 | Queue | Archer |
| 17:20 | Queue | Archer |
| 17:25 | Build | Settlement |
| 17:28 | Queue | Archer |
| 17:39 | Queue | Archer |
| 17:46 | Build | Farm |
| 17:57 | Queue | Archer |
| 18:08 | Queue | Spearman |
| 18:21 | Build | Blacksmith |
| 18:24 | Queue | Archer |
| 18:25 | Queue | Villager (Male) |
| 18:43 | Queue | Villager (Male) |
| 18:45 | Build | Farm |
| 18:47 | Build | Farm |
| 18:55 | Research | Fletching |
| 19:23 | Queue | Villager (Male) |
| 19:24 | Queue | Villager (Male) |
| 19:26 | Build | Farm |
| 19:40 | Queue | Villager (Male) |
| 19:44 | Build | Farm |
| 19:45 | Build | Farm |
| 19:46 | Build | Farm |
| 20:02 | Queue | Villager (Male) |
| 20:13 | Queue | Villager (Male) |
| 20:15 | Research | Horse Collar |
| 20:18 | Build | Farm |
| 20:19 | Build | Farm |
| 20:21 | Build | Farm |
| 20:24 | Build | Farm |
| 20:40 | Research | Wheelbarrow |
| 20:43 | Build | Farm |
| 21:07 | Queue | Archer |
| 22:23 | Research | Castle Age |
| 22:48 | Queue | Archer |
| 22:52 | Queue | Archer |
| 23:36 | Queue | Archer |
| 23:40 | Build | Archery Range |
| 23:56 | Queue | Villager (Male) |
| 24:02 | Queue | Spearman |
| 24:16 | Queue | Archer |
| 24:24 | Research | Padded Archer Armor |
| 24:31 | Queue | Archer |
| 24:33 | Queue | Spearman |
| 24:33 | Queue | Spearman |
| 24:40 | Build | House |
| 24:46 | Build | Stone Wall |
| 24:52 | Queue | Archer |
| 24:57 | Queue | Archer |
| 25:01 | Queue | Spearman |
| 25:03 | Age | Castle Age |
| 25:08 | Research | Crossbowman (upgrade) |
| 25:12 | Research | Pikeman (upgrade) |
| 25:24 | Queue | Villager (Male) |
| 25:25 | Queue | Villager (Male) |
| 25:27 | Build | Town Center |
| 25:31 | Build | Town Center |
| 25:56 | Research | Bow Saw |
| 26:06 | Research | Bodkin Arrow |
| 26:20 | Queue | Spearman |
| 26:21 | Queue | Spearman |
| 26:25 | Build | House |
| 26:33 | Queue | Spearman |
| 26:34 | Queue | Spearman |
| 26:42 | Queue | Villager (Male) |
Build order — Éowyn
First 150 of 348 actions detected
| 0:00 | Queue | Villager (Male) |
| 0:02 | Build | House |
| 0:05 | Build | House |
| 0:06 | Queue | Villager (Male) |
| 0:09 | Queue | Villager (Male) |
| 0:14 | Queue | Villager (Male) |
| 1:25 | Queue | Villager (Male) |
| 1:47 | Build | Lumber Camp |
| 2:01 | Queue | Villager (Male) |
| 2:15 | Queue | Villager (Male) |
| 2:50 | Queue | Villager (Male) |
| 3:06 | Queue | Villager (Male) |
| 3:24 | Build | House |
| 3:28 | Queue | Villager (Male) |
| 3:41 | Queue | Villager (Male) |
| 4:02 | Queue | Villager (Male) |
| 4:35 | Build | Mill |
| 4:51 | Queue | Villager (Male) |
| 4:52 | Queue | Villager (Male) |
| 4:55 | Queue | Villager (Male) |
| 5:50 | Research | Loom |
| 6:48 | Research | Feudal Age |
| 7:39 | Queue | Villager (Male) |
| 8:00 | Queue | Villager (Male) |
| 8:01 | Queue | Villager (Male) |
| 8:31 | Build | Barracks |
| 8:48 | Build | House |
| 8:58 | Build | Palisade Wall |
| 8:58 | Age | Feudal Age |
| 9:08 | Build | House |
| 9:13 | Queue | Villager (Male) |
| 9:14 | Queue | Villager (Male) |
| 9:24 | Queue | Militia |
| 9:24 | Queue | Militia |
| 9:24 | Queue | Militia |
| 9:27 | Build | House |
| 9:30 | Build | Palisade Wall |
| 9:35 | Queue | Villager (Male) |
| 9:35 | Queue | Villager (Male) |
| 9:41 | Queue | Villager (Male) |
| 10:08 | Queue | Villager (Male) |
| 10:15 | Build | Mining Camp |
| 10:22 | Queue | Villager (Male) |
| 10:33 | Queue | Villager (Male) |
| 10:34 | Queue | Villager (Male) |
| 10:42 | Build | Palisade Wall |
| 10:49 | Queue | Villager (Male) |
| 10:54 | Research | Double-Bit Axe |
| 11:07 | Build | Mill |
| 11:07 | Queue | Villager (Male) |
| 11:16 | Build | House |
| 11:27 | Queue | Militia |
| 11:40 | Build | Palisade Wall |
| 11:44 | Research | Man-at-Arms (upgrade) |
| 11:56 | Build | Farm |
| 12:05 | Build | Farm |
| 12:17 | Queue | Villager (Male) |
| 12:23 | Build | Farm |
| 12:26 | Build | Farm |
| 12:30 | Build | House |
| 12:32 | Build | Palisade Wall |
| 13:01 | Queue | Villager (Male) |
| 13:09 | Build | House |
| 13:23 | Queue | Militia |
| 13:30 | Build | Farm |
| 13:34 | Queue | Villager (Male) |
| 13:45 | Build | Palisade Wall |
| 13:55 | Queue | Villager (Male) |
| 14:13 | Queue | Villager (Male) |
| 14:16 | Build | House |
| 14:33 | Queue | Villager (Male) |
| 14:36 | Build | Farm |
| 14:36 | Build | Farm |
| 14:36 | Build | Farm |
| 14:40 | Build | Blacksmith |
| 14:50 | Queue | Villager (Male) |
| 14:57 | Build | Palisade Wall |
| 15:06 | Queue | Villager (Male) |
| 15:17 | Build | Farm |
| 15:17 | Build | Farm |
| 15:26 | Build | Farm |
| 15:31 | Queue | Villager (Male) |
| 15:34 | Queue | Villager (Male) |
| 15:53 | Build | Palisade Gate |
| 15:55 | Build | Palisade Wall |
| 15:58 | Queue | Militia |
| 15:58 | Queue | Villager (Male) |
| 16:01 | Build | Farm |
| 16:03 | Build | House |
| 16:14 | Build | Farm |
| 16:15 | Queue | Villager (Male) |
| 16:28 | Queue | Villager (Male) |
| 16:29 | Queue | Villager (Male) |
| 16:33 | Build | Palisade Wall |
| 16:35 | Build | House |
| 16:41 | Queue | Villager (Male) |
| 16:44 | Build | Farm |
| 16:54 | Queue | Villager (Male) |
| 16:58 | Build | Farm |
| 16:59 | Queue | Villager (Male) |
| 17:18 | Build | Farm |
| 17:23 | Queue | Villager (Male) |
| 17:41 | Queue | Villager (Male) |
| 18:10 | Queue | Villager (Male) |
| 18:18 | Build | Archery Range |
| 18:22 | Queue | Villager (Male) |
| 18:25 | Build | Farm |
| 18:29 | Build | House |
| 18:39 | Queue | Villager (Male) |
| 19:04 | Queue | Villager (Male) |
| 19:20 | Build | Farm |
| 19:22 | Build | Farm |
| 19:25 | Research | Castle Age |
| 19:27 | Queue | Villager (Male) |
| 19:46 | Research | Gold Mining |
| 19:47 | Research | Horse Collar |
| 19:53 | Build | Lumber Camp |
| 20:30 | Build | Stable |
| 20:48 | Research | Scale Barding Armor |
| 20:49 | Research | Forging |
| 21:04 | Build | Stable |
| 21:05 | Queue | Villager (Male) |
| 21:30 | Research | Bloodlines |
| 21:40 | Build | House |
| 21:43 | Build | House |
| 21:47 | Build | House |
| 21:52 | Build | House |
| 21:55 | Build | House |
| 22:06 | Age | Castle Age |
| 22:09 | Queue | Knight ×3 |
| 22:09 | Queue | Knight ×3 |
| 22:15 | Queue | Knight |
| 22:21 | Build | Monastery |
| 22:22 | Queue | Villager (Male) |
| 22:27 | Build | Farm |
| 22:35 | Queue | Knight |
| 22:57 | Build | Town Center |
| 23:03 | Queue | Knight |
| 23:03 | Queue | Knight |
| 23:05 | Build | Farm |
| 23:07 | Queue | Monk |
| 23:35 | Queue | Villager (Male) |
| 23:40 | Queue | Villager (Male) |
| 23:43 | Build | Farm |
| 23:44 | Build | Farm |
| 23:52 | Queue | Monk |
| 24:01 | Queue | Villager (Male) |
| 24:02 | Queue | Villager (Male) |
| 24:12 | Queue | Villager (Male) |
| 24:23 | Queue | Knight ×2 |
Match timeline
| 1:12 | [Kpell] AdrianLeverkuhn · first_building Barracks |
| 8:31 | Éowyn · first_building Barracks |
| 8:58 | Éowyn · wall_segment Palisade Wall x4 |
| 8:58 | Éowyn · age_up feudal |
| 9:30 | Éowyn · wall_segment Palisade Wall x5 |
| 10:00 | [Kpell] AdrianLeverkuhn · wall_segment Palisade Wall x9 |
| 10:16 | [Kpell] AdrianLeverkuhn · wall_segment Palisade Wall x7 |
| 10:20 | [Kpell] AdrianLeverkuhn · wall_segment Palisade Wall x3 |
| 10:26 | [Kpell] AdrianLeverkuhn · wall_segment Palisade Wall x5 |
| 10:42 | Éowyn · wall_segment Palisade Wall x6 |
| 10:48 | [Kpell] AdrianLeverkuhn · wall_segment Palisade Wall x3 |
| 11:20 | [Kpell] AdrianLeverkuhn · age_up feudal |
| 11:40 | Éowyn · wall_segment Palisade Wall x1 |
| 12:32 | Éowyn · wall_segment Palisade Wall x6 |
| 13:45 | Éowyn · wall_segment Palisade Wall x10 |
| 14:57 | Éowyn · wall_segment Palisade Wall x11 |
| 15:02 | [Kpell] AdrianLeverkuhn · first_building Archery Range |
| 15:55 | Éowyn · wall_segment Palisade Wall x5 |
| 16:33 | Éowyn · wall_segment Palisade Wall x1 |
| 18:18 | Éowyn · first_building Archery Range |
| 20:30 | Éowyn · first_building Stable |
| 22:05 | [Kpell] AdrianLeverkuhn · first_market_sell 100 wood |
| 22:06 | Éowyn · age_up castle |
| 22:07 | [Kpell] AdrianLeverkuhn · first_market_buy 100 food |
| 22:21 | Éowyn · first_building Monastery |
| 24:46 | [Kpell] AdrianLeverkuhn · wall_segment Stone Wall x1 |
| 25:03 | [Kpell] AdrianLeverkuhn · age_up castle |
| 25:34 | Éowyn · first_building Siege Workshop |
| 27:54 | [Kpell] AdrianLeverkuhn · first_building Siege Workshop |
| 28:28 | [Kpell] AdrianLeverkuhn · first_building Monastery |
| 31:24 | [Kpell] AdrianLeverkuhn · first_building Castle |
| 33:37 | [Kpell] AdrianLeverkuhn · wall_segment Palisade Wall x1 |
| 33:39 | [Kpell] AdrianLeverkuhn · wall_segment Palisade Wall x1 |
| 37:42 | [Kpell] AdrianLeverkuhn · wall_segment Stone Wall x1 |
| 37:44 | [Kpell] AdrianLeverkuhn · wall_segment Stone Wall x1 |
| 37:46 | [Kpell] AdrianLeverkuhn · wall_segment Stone Wall x1 |
| 37:47 | [Kpell] AdrianLeverkuhn · wall_segment Stone Wall x1 |
| 37:50 | [Kpell] AdrianLeverkuhn · wall_segment Stone Wall x1 |
| 38:16 | Éowyn · age_up imperial |
| 38:28 | Éowyn · first_building Castle |
| 38:44 | Éowyn · first_market_buy 100 food |
| 38:48 | Éowyn · first_market_sell 100 wood |
| 42:54 | [Kpell] AdrianLeverkuhn · age_up imperial |
| 47:27 | [Kpell] AdrianLeverkuhn · resign |
[ AI ANALYSIS · 1 CREDIT ]
What really happened in this match?
Wolo.gg analyzes every decision: build order, eco, micro, common mistakes by bracket. Personalized analysis on WhatsApp or Discord in 30 seconds.
Civ guide
Incas
Perfil
[Kpell] AdrianLeverkuhn